 Dungeon Crawl Stone Soup version 0.27.1-1-g398f81649c (webtiles) character file.

Game seed: 11140313822478220697

307 speeev33 the Cleaver (level 6, 0/61 HPs)
             Began as a Hill Orc Fighter on Sept 11, 2021.
             Succumbed to a killer bee's poison
             ... on level 3 of the Dungeon.
             The game lasted 00:03:57 (2488 turns).

speeev33 the Cleaver (Hill Orc Fighter)             Turns: 2488, Time: 00:03:58

Health: 0/61       AC:  7    Str: 21    XL:     6   Next: 40%
Magic:  1/6        EV:  8    Int:  8    God:
Gold:   178        SH: 11    Dex: 10    Spells: 5/5 levels left

rFire    + . .     SeeInvis .   a - +1 war axe
rCold    + . .     Faith    .   c - +1 kite shield
rNeg     . . .     Spirit   +   b - +0 scale mail
rPois    +         Reflect  .   (no helmet)
rElec    +         Harm     .   (no cloak)
rCorr    +         Rampage  .   (no gloves)
Will     .....                  (no boots)
Stlth    ..........             f - amulet of guardian spirit
HPRegen  0.20/turn              (no ring)
MPRegen  0.10/turn              (no ring)

@: lethally poisoned (0 -> -6), resistant, flying, very slightly contaminated,
invisible
A: no striking features
a: no special abilities


You were on level 3 of the Dungeon.
You visited 1 branch of the dungeon, and saw 4 of its levels.

You collected 178 gold pieces.

Inventory:

Hand Weapons
 a - a +1 war axe (weapon)
Armour
 b - a +0 scale mail (worn)
 c - a +1 kite shield (worn)
Jewellery
 f - an amulet of guardian spirit (around neck)
Scrolls
 k - a scroll of enchant armour
 l - a scroll of teleportation
Potions
 d - a potion of might
 e - a potion of attraction


   Skills:
 + Level 8.0 Fighting
 + Level 10.7 Axes
 + Level 7.3 Armour
 + Level 7.3 Shields


You had 5 spell levels left.
You didn't know any spells.
Your spell library was empty.

Dungeon Overview and Level Annotations

Branches:
Dungeon (4/15)
 Temple: D:4-7

Altars:

Shops:
D:2 *


Message History

You feel sick. The killer bee stings you.
* * * LOW HITPOINT WARNING * * *
You block the killer bee's attack.
It was a potion of invisibility.
You fade into invisibility!
* * * LOW HITPOINT WARNING * * *
You feel sick. The killer bee barely misses you.
You block the killer bee's attack.
You are very lightly contaminated with residual magic.
* * * LOW HITPOINT WARNING * * *
You feel sick. The killer bee stings you.
* * * LOW HITPOINT WARNING * * *
It was a potion of resistance.
You feel protected.
* * * LOW HITPOINT WARNING * * *
You feel sick. The killer bee stings you.
* * * LOW HITPOINT WARNING * * *
You block the killer bee's attack.
It was a potion of flight.
You feel very buoyant.
You fly up into the air.
* * * LOW HITPOINT WARNING * * *
You feel sick.
The killer bee stings you but does no damage.
You block the killer bee's attack.
It was a potion of curing.
You feel better. The killer bee barely misses you.
The killer bee completely misses you. The killer bee stings you!
* * * LOW HITPOINT WARNING * * *
You are lethally poisoned!
The killer bee poisons you!
* * * LOW HITPOINT WARNING * * *
You feel very sick. The killer bee barely misses you.
There is a stone staircase leading down here.
You slash the killer bee!
You kill the killer bee!
* * * LOW HITPOINT WARNING * * *
You feel sick. You block the killer bee's attack.
You die...

.## #..#.##.###.######..# #.# .#
#..#.##.# #.# #..# #.# .#
#..#<##.###.## #..#######.# .#
#..).)......(# #..##.......
.#####.#.##.####.# #..##.####.#
.......#.##.# #.#####..##.# #.#
.#####.#.##.# #.y...>..##.####.#
#.(.........# #>#####..........#
.#######.#### #@# #####.######
#........# #####.### #.#
.#######.# #.......#######.# ##
#.# #.###.#.........#
########.###.###.################
..........)......# #............
#####.#..######### #.###########
#.§#..# #.# #§##..# #.#


You could see a killer bee.

Vanquished Creatures
  A killer bee (D:3)
  A howler monkey (D:2)
  3 adders
  An ufetubus (D:2)
  A worm (D:3)
  2 dart slugs
  6 endoplasms
  2 giant cockroaches (D:3)
  9 goblins
  7 hobgoblins
  6 kobolds
  4 quokkas
  4 ball pythons
  5 bats
  A frilled lizard (D:1)
  4 rats
  A spectral goblin (D:2)
58 creatures vanquished.

Notes
Turn   | Place    | Note
-------+----------+-------------------------------------------
     0 | D:1      | speeev33 the Hill Orc Fighter began the quest for the Orb.
     0 | D:1      | Reached XP level 1. HP: 19/19 MP: 1/1
   144 | D:1      | Reached XP level 2. HP: 27/27 MP: 2/2
   215 | D:1      | Reached skill level 3 in Axes
   782 | D:2      | Reached XP level 3. HP: 28/33 MP: 3/3
  1057 | D:2      | Reached XP level 4. HP: 29/41 MP: 4/4
  1219 | D:2      | Found Rait Kaw's General Store.
  1397 | D:2      | Found a faded altar of an unknown god.
  1702 | D:3      | Reached skill level 4 in Axes
  1859 | D:3      | Reached XP level 5. HP: 46/47 MP: 5/5
  2479 | D:3      | Reached skill level 10 in Axes
  2479 | D:3      | Reached XP level 6. HP: 14/61 MP: 3/6
  2482 | D:3      | HP: 2/61 [killer bee (2)]
  2487 | D:3      | HP: 1/61 [poisoned by a killer bee]
  2488 | D:3      | Succumbed to a killer bee's poison

Illustrated notes

Levels and vault maps discovered:
D:1:      dpeg_arrival_solitude, layout_loops_ring, hangedman_decor_points,
          hangedman_abyss_or_decor_stabs
D:2:      layout_rooms, dreamdust_ecumenical_altar_drowned_temple, serial_shops,
          shop
D:3:      layout_loops_ring
D:4:      layout_rooms, minmay_temple_entry_ruins

Skill      XL: |  1  2  3  4  5 |
---------------+----------------+-----
Axes           | 3 4 10 | 10.7
Fighting       | 4 8 |  8.0
Shields        | 4 7 |  7.3
Armour         | 4 7 |  7.3

Action                   |  1- 3 |  4- 6 || total
-------------------------+-------+-------++-------
Melee: War axe           |    99 |    89 ||   188
  Use: Scroll            |     3 |     3 ||     6
       Potion            |       |     5 ||     5
Armor: Scale mail        |    54 |    36 ||    90
Dodge: Dodged            |    35 |    34 ||    69
Block: Kite shield       |    76 |    58 ||   134
